Map: Romanticide LE

Players

Zest - Winner!

  • Race: Protoss Protoss
  • Spawn Location: 5:00

PartinG

  • Race: Protoss Protoss
  • Spawn Location: 11:00

Event: IEM Katowice 2021

VOD

Have the link to the VOD?

Description

Time

  • Played on: Feb. 28, 2021, 11:02 a.m.
  • Length: 10:08

All games in this series

Show
View Real Time Build Order
Export as new Build Order

Zest Protoss - Winner!

Build Orders:  

Get SALT Encoding   

  12  0:00  Probe  
  13  0:12  Probe  
  14  0:16  Pylon  
  14  0:24  Probe (Chrono Boost)  
  15  0:36  Gateway, Probe (Chrono Boost)  
  16  0:44  Probe (Chrono Boost)  
  16  0:45  Assimilator  
  17  0:51  Probe  
  18  1:03  Probe (Chrono Boost)  
  19  1:04  Assimilator  
  19  1:10  Gateway  
  19  1:13  Probe (Chrono Boost)  
  19  1:18  Probe (Chrono Boost)  
  20  1:24  Cybernetics Core  
  21  1:29  Probe  
  22  1:35  Pylon  
  22  1:41  Probe  
  23  1:53  Probe  
  24  2:00  Stalker x2  
  28  2:01  Warp Gate (Chrono Boost)  
  28  2:12  Pylon  
  28  2:26  Pylon  
  28  2:30  Stalker x2  
  32  2:43  Gateway  
  32  3:00  Stalker x2  
  36  3:19  Nexus  
  36  3:30  Pylon  
  36  3:51  Stalker  
  36  3:52  Stalker x2  
  36  3:55  Pylon  
  42  4:15  Adept x3  
  44  4:33  Robotics Facility  
  44  4:34  Pylon  
  36  4:59  Adept x3  
  42  5:00  Probe x2  
  32  5:20  Observer (Chrono Boost)  
  33  5:35  Immortal (Chrono Boost)  
  29  5:40  Adept x2  
  29  5:41  Stalker  
  37  5:54  Shield Battery  
  37  6:01  Sentry x2  
  41  6:09  Immortal (Chrono Boost)  
  45  6:12  Sentry  
  45  6:33  Observer  
  45  6:38  Stalker x3  
  49  6:41  Warp Prism (Chrono Boost)  
  49  7:02  Stalker x2, Sentry  
  55  7:22  Adept x3  
  61  7:26  Pylon  
  61  7:28  Pylon  
Show
View Real Time Build Order
Export as new Build Order

PartinG Protoss 

Build Orders: Phoenix Opening, Blink Stalkers 

Get SALT Encoding   

  12  0:00  Probe  
  13  0:12  Probe  
  14  0:17  Pylon  
  14  0:24  Probe (Chrono Boost)  
  15  0:36  Probe (Chrono Boost)  
  15  0:37  Gateway  
  16  0:45  Probe (Chrono Boost)  
  16  0:46  Assimilator  
  17  0:51  Probe  
  17  0:54  Assimilator  
  18  1:03  Probe (Chrono Boost)  
  19  1:07  Gateway  
  20  1:12  Probe (Chrono Boost)  
  20  1:17  Probe (Chrono Boost)  
  21  1:25  Cybernetics Core  
  21  1:29  Probe  
  22  1:36  Pylon  
  22  1:41  Probe  
  23  1:54  Probe  
  24  2:01  Stalker  
  24  2:02  Sentry  
  24  2:03  Warp Gate  
  28  2:14  Pylon  
  28  2:23  Probe  
  28  2:28  Stalker  
  31  2:34  Stalker  
  33  2:45  Phoenix  
  33  2:56  Nexus  
  33  2:59  Shield Battery  
  33  3:09  Twilight Council  
  33  3:13  Probe  
  33  3:17  Pylon  
  34  3:25  Probe  
  35  3:37  Probe  
  35  3:40  Blink (Chrono Boost)  
  34  3:49  Probe  
  34  3:52  Stalker x2  
  39  4:01  Gateway  
  37  4:17  Stalker  
  37  4:18  Stalker  
  40  4:30  Pylon  
  36  4:37  Pylon  
  36  4:41  Stalker  
  36  4:45  Pylon  
  36  4:52  Stalker  
  34  4:59  Stalker  
  33  5:10  Probe  
  32  5:23  Stalker  
  30  5:45  Stalker  
  32  5:55  Stalker  
  32  5:57  Sentry  
  36  6:00  Probe (Chrono Boost)  
  36  6:02  Probe (Chrono Boost)  
  40  6:11  Probe (Chrono Boost)  
  40  6:12  Sentry, Probe (Chrono Boost)  
  40  6:16  Probe (Chrono Boost)  
  40  6:17  Probe (Chrono Boost)  
  44  6:26  Probe  
  44  6:29  Stalker  
  43  6:38  Probe (Chrono Boost)  
  42  6:40  Probe (Chrono Boost)  
  42  6:50  Probe (Chrono Boost)  
  44  6:55  Probe (Chrono Boost)  
  44  6:59  Probe (Chrono Boost)  
  46  7:03  Probe (Chrono Boost)  
  47  7:09  Sentry, Probe (Chrono Boost)  
  47  7:10  Shield Battery, Probe (Chrono Boost)  
  49  7:16  Gateway  
  49  7:20  Probe x2 (Chrono Boost)  
  51  7:29  Shield Battery  
  52  7:30  Probe (Chrono Boost)  
  52  7:34  Sentry  
  54  7:46  Stalker x2  
  53  8:00  Sentry  
  44  8:10  Stalker  
  44  8:11  Zealot x2  
  20  8:37  Stalker  

Tags
 
Add a new tag
Caveats
  • Supply blocks, unpowered buildings, or Contaminate may cause inaccurate times.
  • Supply counts are checked every 10 seconds.